 Dungeon Crawl Stone Soup version 0.32-a0-675-gdc239d62e1 (webtiles) character file.

Game seed: 18154026215536774773

153 Zeldest the Slasher (level 5, -1/42 HPs)
             Began as a Coglin Monk on Mar 11, 2024.
             Killed by divine providence
             ... invoked by an orc priest
              (13 damage)
             ... on level 4 of the Dungeon.
             The game lasted 00:03:00 (2693 turns).

Zeldest the Slasher (Coglin Monk)                   Turns: 2693, Time: 00:03:00

Health: -1/42      AC:  6    Str: 12    XL:     5   Next: 35%
Magic:  5/5        EV: 12    Int:  9    God:
Gold:   181        SH:  0    Dex: 18    Spells: 4/4 levels left

rFire   . . .        a - +0 falchion {Kanlaya}
rCold   . . .        r - +0 falchion {Nari}
rNeg    . . .        m - +0 ring mail
rPois   .            (no helmet)
rElec   .            q - +0 cloak
rCorr   .            (no gloves)
SInv    .            (no boots)
Will    .....        (amulet unavailable) Stlth
                     (ring unavailable)
HPRegen 0.27/turn    (ring unavailable)
MPRegen 0.09/turn    (no gizmo)

%: no passive effects
@: confused, ambrosia-drunk, revved
A: off-hand wielding, slow wielding, warmup strikes, no jewellery
a: Invent Gizmo, Convert to Beogh


You were on level 4 of the Dungeon.
You visited 1 branch of the dungeon, and saw 4 of its levels.

You collected 181 gold pieces.

Inventory:

Hand Weapons
 a - a +0 falchion (weapon) {Kanlaya}
 r - a +0 falchion (offhand) {Nari}
Missiles
 l - 4 atropa-tipped darts (quivered)
Armour
 d - an orb of light
 m - a +0 ring mail (worn)
 q - a +0 cloak (worn)
Wands
 p - a wand of polymorph (10)
Scrolls
 e - a scroll of revelation {unknown}
 f - a scroll of immolation {unknown}
 g - a scroll of torment {unknown}
 i - 3 scrolls of vulnerability {unknown}
 j - 4 scrolls of teleportation {unknown}
 k - a scroll of enchant weapon {unknown}
 o - 5 scrolls of identify {unknown}
Potions
 b - 2 potions of heal wounds {unknown}
 c - a potion of ambrosia
 h - 2 potions of mutation {unknown}
 n - 2 potions of curing {unknown}


   Skills:
 + Level 3.7 Fighting
 * Level 4.4 Long Blades
 + Level 3.4 Dodging
 + Level 2.1 Evocations


You had 4 spell levels left.
You didn't know any spells.
Your spell library contained the following spells:

 Spells                   Type           Power      Damage    Failure   Level
 Apportation              Tloc           0%         N/A       67%         1
 Necrotise                Necr           0%         1d4       67%         1
 Sting                    Conj/Alch      0%         1d3       67%         1
 Summon Small Mammal      Summ           0%         N/A       67%         1
 Static Discharge         Conj/Air       0%         3-3/arc   80%         2
 Airstrike                Air            0%         2d(0-16)  100%        4
 Summon Lightning Spire   Summ/Air       0%         N/A       100%        4


Dungeon Overview and Level Annotations

Branches:
Dungeon (4/15) Zot: 21288
 Temple: D:4-7

Altars:
Sif Muna
Trog
Xom


Innate Abilities, Weirdness & Mutations

You can wield a second weapon in your off-hand.
It takes a long time for you to wield or remove held weapons.
Your first few attacks do less damage.
You cannot equip rings or amulets.


Message History

You are too injured to fight recklessly!
You are too injured to fight recklessly!
You are too injured to fight recklessly!
You are too injured to fight recklessly!
You are too injured to fight recklessly!
You are too injured to fight recklessly!
You closely miss the orc priest with your +0 falchion.
The orc priest is lightly wounded.
You closely miss the orc priest with your +0 falchion.
An orc priest opens the door.
You slash the orc priest with your +0 falchion!
The orc priest is severely wounded.
You hit the orc priest but do no damage.
The orc priest hits you but does no damage.
The orc closely misses you.
You hit the orc priest but do no damage.
The orc priest is severely wounded.
You closely miss the orc priest with your +0 falchion.
The orc priest calls down the wrath of Beogh upon you.
Beogh smites you! The orc barely misses you. The orc hits you with a +0 mace.
The orc priest closely misses you.
The orc priest shouts, "Surrender to Beogh and we'll let you live!" (press Y on the ability menu to convert to Beogh)
You completely miss the orc priest with your +0 falchion.
The orc priest threatens, "Beogh's wrath is as vast as their mercy.
Make your choice!"
The orc priest is severely wounded.
You hit the orc priest with your +0 falchion.
The orc hits you with a +0 mace.
* * * LOW HITPOINT WARNING * * *
The orc priest hits you but does no damage.
You are confused.
You feel invigorated. The orc hits you with a +0 mace.
* * * LOW HITPOINT WARNING * * *
The orc priest hits you with a +0 short sword.
* * * LOW HITPOINT WARNING * * *
The orc priest shouts, "Surrender to Beogh and we'll let you live!"
You bump into the stone wall.
The orc barely misses you.
The orc priest calls down the wrath of Beogh upon you.
Beogh smites you!
You die...

..# .# ###.# .#
..#.####.# #
..#......#.###
..#..........# ###
.##...†....# #..
..'###'##+##+###.#
####.....#.....#o#
#.....#.....#@#
+##+##'##'##o.#
#.....#..#.#######
#'###+#..#........
#.....#..#...#####
+.._..)..'.#+#
#.....#))##......
#'###'#..# ......
..#..# ......


You could see an orc priest and an orc.

Vanquished Creatures
  A hound (D:4)
  3 gnolls (D:4)
  2 adders (D:2)
  4 dart slugs
  A ribbon worm (D:3)
  6 orcs (D:3)
  3 endoplasms
  4 giant cockroaches
  8 goblins
  4 hobgoblins
  9 kobolds
  4 quokkas
  4 ball pythons
  2 bats (D:1)
  2 frilled lizards
  5 rats
62 creatures vanquished.

Notes
Turn   | Place    | Note
-------+----------+-------------------------------------------
     0 | D:1      | Zeldest the Coglin Monk began the quest for the Orb.
     0 | D:1      | Reached XP level 1. HP: 18/18 MP: 1/1
   171 | D:1      | Reached XP level 2. HP: 24/24 MP: 2/2
  1189 | D:2      | Reached XP level 3. HP: 29/29 MP: 3/3
  1310 | D:2      | Found the +5 robe of Misfortune {Harm *Corrode *Slow EV+5}
  1717 | D:2      | Reached skill level 1 in Evocations
  1803 | D:3      | Reached XP level 4. HP: 35/35 MP: 4/4
  1935 | D:3      | Reached skill level 4 in Long Blades
  2047 | D:3      | Found a shimmering blue altar of Sif Muna.
  2053 | D:3      | Found a bloodstained altar of Trog.
  2590 | D:4      | Reached XP level 5. HP: 37/41 MP: 5/5
  2614 | D:4      | Found a shimmering altar of Xom.
  2693 | D:4      | Killed from afar by an orc priest

Illustrated notes

Levels and vault maps discovered:
D:1:      dpeg_arrival_rooms_c, layout_basic, chequers_big_river
D:2:      layout_basic
D:3:      layout_loops_cross, hellmonk_overflow_destroyed_library,
          guppyfry_early_orc_mine
D:4:      layout_basic, mainiacjoe_overflow_24_doors, minmay_crystal_room,
          uniq_blork_the_orc

Skill      XL: |  1  2  3  4  5 |
---------------+----------------+-----
Dodging        | 3 |  3.4
Evocations     | 1 2 |  2.1
Long Blades    | 4 |  4.4
Fighting       | |  3.7

Action                     |  1- 3 |  4- 6 || total
---------------------------+-------+-------++-------
  Melee: Falchion          |    57 |    85 ||   142
         Short sword       |    43 |    26 ||    69
    Use: Potion            |       |     1 ||     1
 Armour: Robe              |    13 |       ||    13
         Ring mail         |    18 |    33 ||    51
  Dodge: Dodged            |    31 |    32 ||    63

Table legend: (Time is in decaauts)
 A = Elapsed time spent in this place.
 B = Non-inter-level travel time spent in this place.
 C = Inter-level travel time spent in this place.
 D = Time resting spent in this place.
 E = Time spent auto-exploring this place.
 F = Levels seen in this place.
 G = Mean time per level.
                   A        B        C        D        E       F      G
               +--------+--------+--------+--------+--------+-----+--------+
         Total |   2710 |   2527 |    183 |    198 |   1910 |   4 |  677.5 |
       Dungeon |   2710 |   2527 |    183 |    198 |   1910 |   4 |  677.5 |
               +--------+--------+--------+--------+--------+-----+--------+

Top non-repeatable levels by time:
     D:1: 1046 daAuts
     D:3: 780 daAuts
     D:2: 766 daAuts
     D:4: 117 daAuts
